 Dungeon Crawl Stone Soup version 0.31-a0-844-gdc52ec4e09 (webtiles) character file.

Game seed: 11971290310003964796

294 wildpjah the Covered (level 6, -5/47 HPs)
             Began as a Minotaur Fighter on Sept 28, 2023.
             Was a Believer of Hepliaklqana.
             Slain by a gnoll
             ... wielding a +0 halberd
             ... led by a gnoll sergeant
              (9 damage)
             ... on level 4 of the Dungeon.
             The game lasted 00:05:45 (2504 turns).

wildpjah the Covered (Minotaur Fighter)             Turns: 2504, Time: 00:05:47

Health: -5/47      AC: 12    Str: 22    XL:     6   Next: 11%
Magic:  5/5        EV:  6    Int:  5    God:    Hepliaklqana [**....]
Gold:   121        SH:  4    Dex: 10    Spells: 5/5 levels left

rFire   . . .        j - +1 whip (venom)
rCold   . . .        c - +0 buckler
rNeg    . . .        q - +0 plate armour
rPois   .            (helmet restricted)
rElec   .            (no cloak)
rCorr   .            (no gloves)
SInv    .            (no boots)
Will    .....        (no amulet) Stlth
                     (no ring)
HPRegen 0.27/turn    (no ring)
MPRegen 0.09/turn

%: no passive effects
@: no status effects
A: reduced essence, horns 2, retaliatory headbutt
a: Renounce Religion, Recall Ancestor, Ancestor Identity


You were on level 4 of the Dungeon.
You worshipped Hepliaklqana.
Hepliaklqana was pleased with you.
You visited 1 branch of the dungeon, and saw 4 of its levels.

You collected 121 gold pieces.

Inventory:

Hand Weapons
 a - a +0 war axe
 j - a +1 whip of venom (weapon)
Armour
 c - a +0 buckler (worn)
 k - a +0 chain mail
 q - a +0 plate armour (worn)
Jewellery
 m - a ring of positive energy
Scrolls
 e - 3 scrolls of identify {unknown}
 f - a scroll of teleportation {unknown}
 h - a scroll of immolation {unknown}
 i - a scroll of fog {unknown}
 l - a scroll of noise {unknown}
 n - 2 scrolls of enchant armour {unknown}
 o - a scroll of vulnerability {unknown}
 p - a scroll of torment {unknown}
 r - a scroll of brand weapon {unknown}
Potions
 b - a potion of mutation {unknown}
 d - a potion of might
 g - a potion of curing {unknown}


   Skills:
 + Level 4.7 Fighting
 + Level 3.3(4.2) Axes
 + Level 3.7(4.3) Maces & Flails
 + Level 4.9 Armour
 + Level 0.3 Dodging
 + Level 0.7 Stealth
 + Level 4.7 Shields


You had 5 spell levels left.
You didn't know any spells.
Your spell library was empty.

Dungeon Overview and Level Annotations

Branches:
Dungeon (4/15)
 Temple: D:4-7

Altars:
Hepliaklqana
Zin

Shops:
D:1 ==


Innate Abilities, Weirdness & Mutations

Your life essence is reduced to manifest your ancestor. (-10% HP)
You have a pair of horns on your head.
You reflexively headbutt those who attack you in melee.


Message History

You are too injured to fight recklessly!
You are too injured to fight recklessly!
You are too injured to fight recklessly!
You are too injured to fight recklessly!
You hit the ogre but do no damage.
The ogre is poisoned.
The gnoll barely misses you. You block the gnoll sergeant's attack.
The gnoll barely misses you. x2
Rabi gestures at the gnoll while chanting.
The gnoll seems to slow down.
You block the ogre's attack.
You barely miss the ogre.
The gnoll sergeant hits you but does no damage.
The gnoll hits you but does no damage. x2
The dart slug launches a dart at you.
The slug dart hits you but does no damage.
You block the gnoll's attack.
You hit the ogre.
The ogre looks as sick as possible!
The ogre is lightly wounded.
The gnoll sergeant hits you from afar with a +0 spear.
The gnoll barely misses you. You block the gnoll's attack.
The ogre hits you with a +0 giant club!
* * * LOW HITPOINT WARNING * * *
Rabi hits the gnoll with a +0 dagger of draining.
The dart slug launches a dart at you.
The slug dart hits Rabi.
You hit the ogre.
The ogre looks as sick as possible!
You headbutt the ogre!
The ogre is almost dead.
The gnoll hits you but does no damage.
Rabi points at the dart slug and mumbles some strange words.
The dart slug seems to slow down.
The gnoll barely misses you.
The gnoll sergeant hits you from afar with a +0 spear.
* * * LOW HITPOINT WARNING * * *
The gnoll hits you from afar with a +0 spear.
* * * LOW HITPOINT WARNING * * *
You kill the ogre!
Rabi hits the dart slug with a +0 dagger of draining.
Rabi drains the dart slug.
The dart slug dies!
You block the gnoll sergeant's attack.
The gnoll hits you from afar with a +0 halberd!
You die...

.................#
.................#
.................#
.......<.........#
............$....#
..................
...(..............
..................
.........@).......
........R..g......
.!.....†)gg.......
........g.......#
...............+
...............#
...............#
....?..........#
...............


You could see the friendly Rabi the hexer, a gnoll sergeant and 3 gnolls.

Vanquished Creatures
  An ogre (D:4)
  An orc priest (D:3)
  An orc wizard (D:3)
  10 gnolls
  2 adders (D:2)
  A worm (D:2)
  2 dart slugs
  8 orcs (D:3)
  3 bats
  10 endoplasms
  4 goblins
  3 hobgoblins
  5 kobolds
  A quokka (D:3)
  2 ball pythons
  A frilled lizard (D:3)
  2 rats
57 creatures vanquished.

Vanquished Creatures (collateral kills)
  3 gnolls
  An adder (D:3)
  An ufetubus (D:4)
  2 worms (D:3)
  A dart slug (D:4)
  A giant cockroach (D:3)
  2 goblins
  A hobgoblin (D:3)
  A quokka (D:3)
  A bat (D:3)
  2 rats
16 creatures vanquished.

Vanquished Creatures (others)
  A hexer (D:3)
  An ancestor (D:1)
2 creatures vanquished.

Grand Total: 75 creatures vanquished

Notes
Turn   | Place    | Note
-------+----------+-------------------------------------------
     0 | D:1      | wildpjah the Minotaur Fighter began the quest for the Orb.
     0 | D:1      | Reached XP level 1. HP: 19/19 MP: 0/0
   134 | D:1      | Found a faded altar of an unknown god.
   143 | D:1      | Prayed at the altar of an unknown god.
   143 | D:1      | Became a worshipper of Hepliaklqana the Forgotten
   143 | D:1      | Reached * piety under Hepliaklqana
   274 | D:1      | Reached XP level 2. HP: 24/24 MP: 1/1
   288 | D:1      | Found Ihaucliuz's Jewellery Shoppe.
   355 | D:1      | Found Osseits's Jewellery Shop.
   788 | D:2      | Reached XP level 3. HP: 28/29 MP: 2/2
   905 | D:2      | Reached ** piety under Hepliaklqana
   906 | D:2      | Remembered your ancestor Rabi as a hexer
  1216 | D:3      | Reached XP level 4. HP: 14/36 MP: 3/3
  1328 | D:3      | Reached skill level 1 in Maces & Flails
  1425 | D:3      | Reached XP level 5. HP: 38/42 MP: 4/4
  1976 | D:3      | Found a glowing silver altar of Zin.
  2118 | D:3      | Reached XP level 6. HP: 34/47 MP: 5/5
  2504 | D:4      | Slain by a gnoll

Illustrated notes

Levels and vault maps discovered:
D:1:      heliophobic_arrival_dark_side_of_the_moon, layout_rooms, serial_shops,
          shop, nicolae_shop_statue_plus, ebering_ecumenical_altar_ruins
D:2:      layout_basic, minivault_14
D:3:      layout_loops_ring, zin_treasury, minmay_misc_feat_enclosed,
          chequers_big_river, roderic_roman_lattice
D:4:      layout_basic

Skill      XL: |  1  2  3  4  5 |
---------------+----------------+-----
Armour         | 4 |  4.9
Fighting       | 4 |  4.7
Shields        | 4 |  4.7
Axes           | 3 |  3.3
Maces & Flails | 1 3 |  3.7
Dodging        | |  0.3
Stealth        | |  0.7

Action                     |  1- 3 |  4- 6 || total
---------------------------+-------+-------++-------
  Melee: War axe           |     9 |       ||     9
         Whip              |    49 |    99 ||   148
         Headbutt          |    10 |    18 ||    28
 Invoke: Ancestor Identity |     1 |       ||     1
         Ancestor Life: He |     1 |       ||     1
   Stab: Distracted        |     1 |     1 ||     2
         Confused          |       |     1 ||     1
 Armour: Scale mail        |     6 |       ||     6
         Chain mail        |    34 |     1 ||    35
         Plate armour      |       |    77 ||    77
  Dodge: Dodged            |    21 |    18 ||    39
  Block: Buckler           |     9 |    21 ||    30

Table legend: (Time is in decaauts)
 A = Elapsed time spent in this place.
 B = Non-inter-level travel time spent in this place.
 C = Inter-level travel time spent in this place.
 D = Time resting spent in this place.
 E = Time spent auto-exploring this place.
 F = Levels seen in this place.
 G = Mean time per level.
                   A        B        C        D        E       F      G
               +--------+--------+--------+--------+--------+-----+--------+
         Total |   2520 |   2413 |    107 |      0 |   1999 |   4 |  630.0 |
       Dungeon |   2520 |   2413 |    107 |      0 |   1999 |   4 |  630.0 |
               +--------+--------+--------+--------+--------+-----+--------+

Top non-repeatable levels by time:
     D:3: 1383 daAuts
     D:2: 583 daAuts
     D:1: 540 daAuts
     D:4: 13 daAuts
